cohdb
Replays
Latest Replays
All Replays
Popular Replays
Top Player Replays
Match Explorer
How It Works
Community
CoH3 Stats
Reddit
Sign in to upload your games and track your stats! →
Sign in with Steam
Match 36797053
Unlisted
Match 36797053
Overview
Messages
Build Orders
End
Panzergrenadier Squad
Kradschützen Motorcycle Team
Panzergrenadier Squad
Construct Light Support Kompanie
Selects Armored Support Battlegroup
MG34 Team
Fire Support Elements
2.5-tonne Medical Truck
Pak 38 Mechanized Group
Pak 38 Anti-tank Gun Team
Flakvierling Half-track
Selects Veteran Gunners
le.IG 18 Mechanized Group
Construct Panzerarmee Kommand
Panzer III L Medium Tank
Panzer III L Medium Tank
Selects Salvage Kits
Selects Panzer Storm
Rapid Advance
Selects Stuka Anti-tank Loiter
Emergency Repair Kits
Stuka Anti-tank Loiter
Walking Stuka Rocket Launcher
Stuka Anti-tank Loiter
Panzer III L Medium Tank
Panzer III L Medium Tank
Selects Flammpanzer III Medium Tank
Armored Reserves
Panzer III L Medium Tank
Stuka Anti-tank Loiter
Tiger Heavy Tank
Vehicle Survival Package
Tungsten Core Ammunition
Stuka Anti-tank Loiter
Flak 36 Anti-tank Gun Team
Stuka Anti-tank Loiter
Panzer IV Assault Group
UH|dun! ツ
UH|XTC
Oberst Vorschaft
Tonger
Tamplar_kaz
Tidus
0
0
Comments
sign in to comment!
No comments posted yet!